 Dungeon Crawl Stone Soup version 0.30.0-29-ga12c61a403 (webtiles) character file.

Game seed: 5932821137963171587

1465 ChadusMaximus the Summoner (level 8, -1/78 HPs)
             Began as a Barachi Summoner on June 24, 2023.
             Was an Initiate of Hepliaklqana.
             Slain by a gnoll
             ... wielding a +0 whip
             ... led by a gnoll sergeant
              (4 damage)
             ... on level 6 of the Dungeon.
             The game lasted 00:09:32 (5259 turns).

ChadusMaximus the Summoner (Barachi Summoner)       Turns: 5259, Time: 00:09:32

Health: -1/78      AC:  6    Str:  9    XL:     8   Next: 77%
Magic:  9/17       EV: 12    Int: 18    God:    Hepliaklqana [......]
Gold:   232        SH:  0    Dex: 11    Spells: 9/19 levels left

rFire   . . .        c - +0 sling
rCold   . . .        (no shield)
rNeg    . . .        a - +0 robe
rPois   +            k - +0 helmet
rElec   .            n - +2 cloak {rPois}
rCorr   .            (no gloves)
SInv    .            (no boots)
Will    .....        (no amulet) Stlth
                     (no ring)
HPRegen 0.33/turn    (no ring)
MPRegen 0.15/turn

%: no passive effects
@: berserking, unable to hop, attractive, quick
A: amphibious, slowness 1, strong legs 1, +LOS, clumsy 1, sturdy frame 1
a: Hop, Renounce Religion


You were on level 6 of the Dungeon.
You worshipped Hepliaklqana.
Hepliaklqana was noncommittal.
You visited 2 branches of the dungeon, and saw 7 of its levels.

You collected 276 gold pieces.
You spent 44 gold pieces at shops.

Inventory:

Hand Weapons
 c - a +0 sling (weapon)
Armour
 a - a +0 robe (worn)
 k - a +0 helmet (worn)
 n - a +2 cloak of poison resistance (worn)
 t - the +0 cloak of the Trombone {+Inv Fly}
   (You found it on level 4 of the Dungeon)

   +Inv:      It lets you turn invisible.
   Fly:       It grants you flight.
Wands
 s - a wand of charming (3)
Scrolls
 e - 2 scrolls of noise
 f - 3 scrolls of enchant armour
 g - a scroll of vulnerability
 h - a scroll of immolation {unknown}
 i - 5 scrolls of poison {unknown}
 q - 2 scrolls of blinking
 v - a scroll of enchant weapon
 w - a scroll of fog {unknown}
 y - 2 scrolls of teleportation {unknown}
Potions
 b - 2 potions of magic
 d - a potion of resistance {unknown}
 j - 2 potions of mutation
 l - a potion of heal wounds {unknown}
 m - a potion of lignification {unknown}
 o - a potion of degeneration {unknown}
 r - 3 potions of attraction
 u - a potion of cancellation {unknown}
 x - a potion of curing {unknown}


   Skills:
 - Level 2.4 Dodging
 - Level 2.0 Stealth
 + Level 6.4 Spellcasting
 * Level 11.3 Summonings


You had 9 spell levels left.
You knew the following spells:

 Your Spells              Type           Power      Damage    Failure   Level
a - Summon Small Mammal   Summ           100%       N/A       1%          1
b - Call Canine Familiar  Summ           46%        N/A       1%          3
c - Call Imp              Summ           92%        N/A       1%          2
d - Summon Lightning Spi  Summ/Air       26%        N/A       11%         4

Your spell library contained the following spells:

 Spells                   Type           Power      Damage    Failure   Level
 Summon Guardian Golem    Hex/Summ       26%        N/A       3%          3
 Blink                    Tloc           10%        N/A       17%         2
 Lesser Beckoning         Tloc           10%        N/A       17%         2
 Momentum Strike          Conj/Tloc      10%        3d8       17%         2
 Ignite Poison            Fire/Tmut/Pois 5%         N/A       34%         3
 Spider Form              Tmut/Pois      5%         N/A       34%         3
 Tukima's Dance           Hex            5%         N/A       34%         3
 Blade Hands              Tmut           2%         N/A       97%         5
 Silence                  Hex/Air        2%         N/A       97%         5


Dungeon Overview and Level Annotations

Branches:
Dungeon (6/15)             Temple (1/1) D:5

Altars:
Cheibriados
Dithmenos
Elyvilon
Fedhas
Gozag
Hepliaklqana
Kikubaaqudgha
Makhleb
Nemelex Xobeh
Qazlal
Ru
Sif Muna
Trog
Uskayaw
Wu Jian
Xom
Yredelemnul
Zin
The Shining One

Shops:
D:5 (!:?=

Annotations:
D:4 Menkaure
Temple 2 transporters


Innate Abilities, Weirdness & Mutations

You are amphibious.
You cover ground slowly.
You can hop short distances.
You have an extended range of vision and can be seen from far away.
You are clumsy. (Dex -2)
Your movements are slightly less encumbered by armour. (ER -2)


Message History

Unknown command.
Unknown command.
It was a potion of attraction.
You feel attractive to monsters. The gnoll hits you with a +0 whip.
* * * LOW HITPOINT WARNING * * *
The gnoll sergeant is attracted toward you.
The gnoll is attracted toward you.
Unknown command.
Okay, then.
Blink to where?
Press: ? - help, Dir - move target, p - gnoll
As you read the scroll labelled COSTUI XIYH, it crumbles to dust.
It was a scroll of blinking.
The gnoll is attracted toward you. The gnoll is attracted toward you. x2
Blink to where?
Press: ? - help, Dir - move target
Okay, then.
It was a potion of mutation.
You feel extremely strange.
You feel clumsy.
You feel less encumbered by your armour.
You hear the brisk rusting of a distant drain.
The gnoll closely misses you.
Okay, then.
It was a potion of berserk rage.
A red film seems to cover your vision as you go berserk!
You feel yourself moving faster!
You feel mighty! The gnoll closely misses you.
The gnoll sergeant is attracted toward you.
Really attack while wielding your +0 sling?
Okay, then.
Really attack while wielding your +0 sling?
Okay, then.
Okay, then.
Really attack while wielding your +0 sling?
You completely miss the gnoll.
The gnoll is severely wounded.
The gnoll hits you with a +0 whip.
* * * LOW HITPOINT WARNING * * *
The gnoll hits you with a +0 whip.
You die...

#≈.≈.#......#.#.#
...≈.≈.#......#.#.#
...≈.≈.#.##.#.#.#.#######
.....#....#.#.#.#........
....#########.#.########.
###.......#...........##.
# #...#.###............
#...#.# #.#.#####..##
#)@g###.#.....#....
#...#g†...#.#.#.#..##
.......#...##......#.##
#####.#.#..g..§g.§#.#.#
#.#........§#.....# .
###.......#.#.##### #
#........#.#.....#
....#.....#.#####.#
#...#.#.......#.h.#


You could see a gnoll sergeant and 2 gnolls.

Vanquished Creatures
  A phantom (D:4)
  3 scorpion zombies (D:4)
  Natasha (D:4)
  3 adders
  A white imp (D:5)
  An adder zombie (D:4)
  3 dart slugs
  2 orcs
  5 ball pythons
  4 endoplasms
  6 giant cockroaches
  4 goblins
  5 hobgoblins
  A quokka (D:3)
  7 bats
  A frilled lizard (D:1)
  8 kobolds
  2 rats
58 creatures vanquished.

Vanquished Creatures (collateral kills)
  Grinder (D:4)
  A sky beast (D:6)
  An ogre (D:5)
  A phantom (D:4)
  2 hounds (D:5)
  An orc priest (D:5)
  Crazy Yiuf (D:2)
  A bullfrog skeleton (D:4)
  3 sleepcaps
  2 gnoll boudas (D:5)
  Jessica (D:2)
  An iguana (D:4)
  4 orc wizards
  A scorpion zombie (D:4)
  A hound skeleton (D:4)
  2 hound zombies (D:4)
  Robin (D:2)
  9 gnolls
  8 adders
  2 ufetubi (D:5)
  An adder skeleton (D:4)
  2 adder zombies (D:4)
  3 dart slugs
  8 orcs
  15 goblins
  5 hobgoblins
  A quokka (D:1)
  2 frilled lizards
  A kobold (D:4)
  A quokka zombie (D:4)
  2 rats
85 creatures vanquished.

Grand Total: 143 creatures vanquished

Notes
Turn   | Place    | Note
-------+----------+-------------------------------------------
     0 | D:1      | ChadusMaximus the Barachi Summoner began the quest for the
                  | Orb.
     0 | D:1      | Reached XP level 1. HP: 13/13 MP: 3/3
   152 | D:1      | Reached XP level 2. HP: 13/19 MP: 1/5
   216 | D:1      | Reached skill level 5 in Summonings
   436 | D:1      | Reached XP level 3. HP: 21/24 MP: 6/6
   910 | D:2      | Learned a level 3 spell: Call Canine Familiar
   913 | D:2      | Learned a level 2 spell: Call Imp
   979 | D:2      | Noticed Robin
   981 | D:2      | Reached XP level 4. HP: 28/30 MP: 8/8
   992 | D:2      | Killed Robin
   993 | D:2      | Reached skill level 6 in Summonings
  1113 | D:2      | Noticed Jessica
  1129 | D:2      | Killed Jessica
  1130 | D:2      | Reached XP level 5. HP: 22/35 MP: 4/10
  1220 | D:2      | Found a runed translucent door.
  1221 | D:2      | Noticed Crazy Yiuf
  1233 | D:2      | Found a shimmering blue altar of Sif Muna.
  1808 | D:2      | Killed Crazy Yiuf
  1857 | D:3      | Learned a level 4 spell: Summon Lightning Spire
  1933 | D:3      | Identified the +0 whip of Intimidation {freeze, Dex+2}
  2032 | D:3      | Reached skill level 7 in Summonings
  2470 | D:4      | Noticed a phantom
  2488 | D:4      | Killed a phantom
  2489 | D:4      | Reached XP level 6. HP: 41/41 MP: 6/11
  2800 | D:4      | Found a sparkling altar of Nemelex Xobeh.
  2825 | D:4      | Reached skill level 8 in Summonings
  2857 | D:4      | Identified the +0 cloak of the Trombone {+Inv Fly}
  2918 | D:4      | Noticed Menkaure
  3102 | D:4      | Reached XP level 7. HP: 36/46 MP: 11/13
  3309 | D:4      | Found a glowing golden altar of the Shining One.
  3458 | D:4      | Noticed Natasha
  3466 | D:4      | Killed Natasha
  3554 | D:4      | Noticed Grinder
  3607 | D:4      | Paralysed by Grinder for 2 turns
  3619 | D:4      | Killed Grinder
  3620 | D:4      | Reached skill level 5 in Spellcasting
  3620 | D:4      | Reached skill level 9 in Summonings
  3641 | D:4      | Noticed a nameless horror
  3646 | D:5      | Entered Level 5 of the Dungeon
  3804 | D:5      | Reached XP level 8. HP: 52/52 MP: 10/16
  3892 | D:5      | Found a transporter.
  3892 | D:5      | Found Wutaipp's Jewellery Shoppe.
  3960 | D:5      | Reached skill level 10 in Summonings
  4100 | D:5      | Found a shimmering altar of Xom.
  4108 | D:5      | Found a sacrificial altar of Ru.
  4112 | D:5      | Found a hide-covered altar of Uskayaw.
  4112 | D:5      | Found a shadowy altar of Dithmenos.
  4133 | D:5      | Found a snail-covered altar of Cheibriados.
  4152 | D:5      | Found a staircase to the Ecumenical Temple.
  4299 | D:5      | Found Detwiath's Book Boutique.
  4301 | D:5      | Found Zinixuo's Distillery.
  4329 | D:5      | Found Ypas's Antique Weapon Shop.
  4580 | D:5      | Found Xawaog's Magic Scroll Shop.
  4583 | D:5      | Bought a scroll of identify for 22 gold pieces
  4583 | D:5      | Bought a scroll of identify for 22 gold pieces
  4645 | D:5      | Found a transporter.
  4719 | Temple   | Entered the Ecumenical Temple
  4719 | Temple   | Found a transporter.
  4719 | Temple   | Found a transporter.
  4720 | Temple   | Found a transporter.
  4720 | Temple   | Found a transporter.
  4740 | Temple   | Became a worshipper of Hepliaklqana the Forgotten
  5051 | D:6      | Reached skill level 11 in Summonings
  5157 | D:6      | Got the Grimoire of Mutable Charms
  5257 | D:6      | Gained mutation: You are clumsy. (Dex -2) [potion of
                  | mutation]
  5257 | D:6      | Gained mutation: Your movements are slightly less
                  | encumbered by armour. (ER -2) [potion of mutation]
  5259 | D:6      | HP: 3/78 [gnoll/+0 whip[a gnoll sergeant] (4)]
  5259 | D:6      | Slain by a gnoll

Illustrated notes

Levels and vault maps discovered:
D:1:      shiori_arrival_oz, layout_basic
D:2:      layout_loops_ring, basic_altar, palyth_stone_intersect, uniq_robin,
          uniq_jessica, uniq_crazy_yiuf_cottage
D:3:      layout_basic, serial_glass, glass_columns_b, glass_columns_c,
          item_on_display_a
D:4:      layout_gridville, old_standard_altar, mainiacjoe_overflow_catwalk,
          serial_undead, serial_undead_e, serial_undead_a, serial_undead_e,
          serial_undead_e, serial_undead_b, serial_undead_d,
          hangedman_decor_peaks_small, minmay_liquid_box, uniq_menkaure,
          uniq_duvessa, uniq_grinder, uniq_natasha
D:5:      cheibrodos_quashed, layout_basic,
          nicolae_overflow_hallway_of_the_gods, temple_doors_e, serial_shops,
          nicolae_shop_rolled_up, shop, nicolae_shop_drivethru, shop,
          nicolae_shop_tiny_statue_garden, chequers_mini_garden,
          minmay_ogre_servants
D:6:      layout_basic, portal_sewer_entry_f, serial_rivers,
          chequers_serial_rivers_micro_a, chequers_serial_rivers_marsh,
          chequers_serial_rivers_micro_b, chequers_serial_rivers_micro_d,
          chequers_serial_rivers_room_b, chequers_serial_rivers_room_b
Temple:   hellmonk_temple_divided_pantheon

Skill      XL: |  1  2  3  4  5  6  7  8 |
---------------+-------------------------+-----
Stealth        | 2 |  2.0
Summonings     | 5 6 7 8 9 11 | 11.3
Spellcasting   | 3 4 5 6 |  6.4
Dodging        | |  2.4

Action                     |  1- 3 |  4- 6 |  7- 9 || total
---------------------------+-------+-------+-------++-------
  Melee: Unarmed           |    19 |       |       ||    19
         Sling             |       |       |     1 ||     1
   Fire: Sling             |   140 |   114 |   148 ||   402
   Cast: Summon Small Mamm |    10 |     2 |     5 ||    17
         Call Canine Famil |       |    12 |    15 ||    27
         Call Imp          |       |     9 |    12 ||    21
         Summon Lightning  |       |       |     4 ||     4
Ability: Hop               |     1 |     1 |     2 ||     4
    Use: Scroll            |       |       |     5 ||     5
         Potion            |       |       |     3 ||     3
 Armour: Robe              |    26 |    22 |    47 ||    95
  Dodge: Dodged            |   106 |    71 |    71 ||   248
